 Dungeon Crawl Stone Soup version 0.22-a0-247-gbddf880757 (webtiles) character file.

12254 Peterchen the Severer (level 11, -1/83 HPs)
             Began as a Minotaur Berserker on Feb 24, 2018.
             Was a High Priest of Trog.
             Killed from afar by an electric eel (11 damage)
             ... with a bolt of electricity
             ... on level 11 of the Dungeon.
             The game lasted 00:25:28 (8700 turns).

Peterchen the Severer (Minotaur Berserker)          Turns: 8700, Time: 00:25:28

Health: -1/83      AC: 13    Str: 25    XL:     11   Next: 60%
Magic:  10/10      EV: 11    Int:  4    God:    Trog [*****.]
Gold:   477        SH:  0    Dex: 10    Spells: 10/10 levels left

rFire    . . .     SeeInvis +   H - +3 executioner's axe (flame)
rCold    . . .     Gourm    .   (shield currently unavailable)
rNeg     + . .     Faith    .   h - +3 scale mail
rPois    .         Spirit   .   t - +2 hat
rElec    .         Reflect  .   (no cloak)
rCorr    .         Harm     .   n - +0 pair of gloves
MR       ++...                  w - +0 pair of boots
Stlth    ..........             z - amulet of regeneration
HPRegen  1.63/turn              N - ring of see invisible
MPRegen  0.12/turn              u - ring of positive energy

@: berserk cooldown, regenerating, slowed, very slow
A: retaliatory headbutt, horns 2
a: Berserk, Trog's Hand, Brothers in Arms, Renounce Religion


You were on level 11 of the Dungeon.
You worshipped Trog.
Trog was extremely pleased with you.
You were near starving.

You visited 2 branches of the dungeon, and saw 12 of its levels.

You collected 855 gold pieces.
You spent 378 gold pieces at shops.

Inventory:

Hand Weapons
 H - a +3 executioner's axe of flaming (weapon)
Armour
 h - a +3 scale mail (worn)
 n - a +0 pair of gloves (worn)
 t - a +2 hat (worn)
 w - a +0 pair of boots (worn)
Jewellery
 u - a ring of positive energy (right hand)
 z - an amulet of regeneration (around neck)
 N - a ring of see invisible (left hand)
Wands
 y - a wand of acid (10)
 C - a wand of flame (46)
 F - a wand of iceblast (6)
Scrolls
 d - 2 scrolls of blinking
 e - 8 scrolls of teleportation
 f - 4 scrolls of magic mapping
 i - 2 scrolls of enchant weapon
 k - 4 scrolls of fog
 l - 6 scrolls of remove curse
 v - 4 scrolls of amnesia
 A - a scroll of fear {unknown}
 E - a scroll of noise {unknown}
 I - a scroll of immolation {unknown}
 K - a scroll of brand weapon {unknown}
Potions
 b - 4 potions of mutation
 g - a potion of flight {unknown}
 j - a potion of berserk rage {unknown}
 m - 3 potions of cancellation
 o - a potion of might {unknown}
 q - a potion of invisibility {unknown}
 s - a potion of degeneration {unknown}
 x - a potion of heal wounds
 B - a potion of lignification {unknown}
 G - 2 potions of agility
 M - 2 potions of brilliance
Comestibles
 c - 36 rations


   Skills:
 - Level 3.8 Fighting
 * Level 20.1 Axes
 - Level 2.6 Armour
 - Level 2.4 Dodging


You had 10 spell levels left.
You didn't know any spells.

Dungeon Overview and Level Annotations

Branches:
Dungeon (11/15)            Temple (0/1) D:6            Lair (0/6) D:11
    Orc (1/2) D:10

Altars:
Ashenzari
Makhleb
Okawaru
Ru
Sif Muna
Vehumet
Wu Jian
Xom

Shops:
D:5 [   D:8 [   D:11 ?


Innate Abilities, Weirdness & Mutations

You reflexively headbutt those who attack you in melee.
You have a pair of horns on your head.


Message History

You kill the electric eel!
Trog accepts your kill.
You hear a splash.
The electric eel shoots out a bolt of lightning at you!
The bolt of electricity hits you!
* * * LOW HITPOINT WARNING * * *
The electric eel shoots out a bolt of lightning at you!
The bolt of electricity hits you!
* * * LOW HITPOINT WARNING * * *
You are too berserk!
You feel a strong urge to attack something.
You feel your anger nearly subside.
You are no longer berserk.
You are exhausted.
You feel yourself slow down.
The electric eel shoots out a bolt of lightning at you!
The bolt of electricity hits you!
* * * LOW HITPOINT WARNING * * *
The electric eel shoots out a bolt of lightning at you!
The bolt of electricity hits you!
You die...

≈≈≈≈≈≈ ≈≈≈≈≈≈≈≈≈≈≈≈≈# ≈≈≈≈≈
≈≈≈≈≈≈≈;≈≈≈≈≈# ####### ≈≈≈≈
≈≈≈≈≈≈≈≈(..# #.....# ≈≈≈≈
≈≈≈≈≈≈;....# #.....# ≈≈≈≈≈≈≈≈
≈≈≈≈≈≈≈....#####.....###
≈≈≈≈≈≈≈≈
≈≈≈≈≈.....))).+........ ## #..#
####......##)##.....###
.####..# #.#....##.##.....#
.......# #.#@#####.##.....#
..####.#######.#.# ###'##...>.#
#.####.##)...# #.# #......))..#
..(.(((.))##.# #.. +.......)..#
#..###)#####.# ### #..........#
.............#. #..........#
.......#######.#####.....######
.......# #.>.)..#####.....#
.......#
####+#.##.#####.....###


You could see 2 electric eels.

Vanquished Creatures
  4 two-headed ogres
  Urug (D:11)
  Pikel (D:7)
  A manticore (D:11)
  A troll (D:9)
  2 hippogriffs (D:9)
  Sigmund (D:4)
  Grum (D:8)
  A hungry ghost (D:9)
  Menkaure (D:7)
  A water moccasin (D:8)
  3 black bears
  4 sky beasts
  6 ice beasts
  7 orc warriors
  A necrophage (D:8)
  7 ogres
  2 wolves (D:8)
  2 phantoms
  5 centaurs (D:11)
  A crocodile (D:8)
  2 big kobolds (D:5)
  3 bullfrogs
  A scorpion (D:7)
  14 killer bees
  A water moccasin skeleton (D:10)
  A wight (D:9)
  2 electric eels (D:11)
  6 howler monkeys
  2 crimson imps
  2 centaur zombies
  A quasit (D:9)
  A bullfrog zombie (D:10)
  7 hounds
  10 orc priests
  5 jellies
  6 orc wizards
  3 centaur skeletons
  Natasha (thrice) (D:4)
  3 bullfrog skeletons
  2 iguanas
  5 worker ants
  A killer bee zombie (D:9)
  A hound zombie (D:6)
  A hound skeleton (D:10)
  11 gnolls (D:5)
  18 adders
  A river rat (D:6)
  2 shadow imps
  5 oozes (D:8)
  An adder zombie (D:9)
  2 adder skeletons
  2 worms (D:2)
  A dart slug (D:1)
  9 leopard geckos
  26 orcs
  6 giant cockroaches
  39 goblins
  27 hobgoblins
  13 jackals
  7 kobolds
  3 quokkas
  4 ball pythons
  7 bats
  4 frilled lizards
  A quokka skeleton (D:9)
  A quokka zombie (D:8)
  6 rats
332 creatures vanquished.

Vanquished Creatures (collateral kills)
  The ghost of Peterchen the Severer, a novice MiBe of Trog (D:7)
  A phantom (D:7)
2 creatures vanquished.

Vanquished Creatures (others)
  3 slaves (D:7)
  2 centaurs (D:9)
  A worker ant (D:9)
  An adder (D:11)
  3 orcs
  A giant cockroach (D:7)
  10 fungi (D:7)
21 creatures vanquished.

Grand Total: 355 creatures vanquished

Notes
Turn   | Place    | Note
-------+----------+-------------------------------------------
     0 | D:1      | Peterchen the Minotaur Berserker began the quest for the Orb.
     0 | D:1      | Reached XP level 1. HP: 19/19 MP: 0/0
   296 | D:1      | Reached XP level 2. HP: 24/27 MP: 1/1
   487 | D:1      | Reached skill level 4 in Axes
  1017 | D:2      | Found a burning altar of Makhleb.
  1066 | D:2      | Reached ** piety under Trog
  1073 | D:2      | Reached XP level 3. HP: 17/33 MP: 2/2
  1394 | D:3      | Reached skill level 5 in Axes
  1410 | D:3      | Found a radiant altar of Vehumet.
  1418 | D:3      | Reached XP level 4. HP: 32/40 MP: 3/3
  1594 | D:3      | Reached skill level 6 in Axes
  1613 | D:3      | Reached *** piety under Trog
  1958 | D:4      | Reached XP level 5. HP: 42/46 MP: 4/4
  1966 | D:4      | Noticed Natasha
  1977 | D:4      | Killed Natasha
  2067 | D:4      | Reached skill level 7 in Axes
  2199 | D:4      | Noticed Sigmund
  2205 | D:4      | Killed Sigmund
  2205 | D:4      | Reached skill level 8 in Axes
  2205 | D:4      | Reached XP level 6. HP: 52/52 MP: 5/5
  2241 | D:4      | Noticed Natasha
  2244 | D:4      | Killed Natasha
  2291 | D:4      | Reached skill level 9 in Axes
  2436 | D:4      | Reached XP level 7. HP: 58/58 MP: 6/6
  2548 | D:4      | Noticed Natasha
  2551 | D:4      | Killed Natasha
  2720 | D:4      | Reached skill level 10 in Axes
  2768 | D:5      | Entered Level 5 of the Dungeon
  2850 | D:5      | Found Konkeu Myff's Antique Armour Emporium.
  2873 | D:5      | Found an ornate altar of the Wu Jian Council.
  3074 | D:5      | Reached skill level 11 in Axes
  3267 | D:5      | Reached **** piety under Trog
  3283 | D:5      | Reached XP level 8. HP: 61/66 MP: 7/7
  3505 | D:5      | Reached skill level 12 in Axes
  3514 | D:5      | Reached ***** piety under Trog
  3793 | D:5      | Bought a glowing scale mail for 168 gold pieces
  3927 | D:6      | You fall through a shaft for 2 floors!
  4028 | D:7      | Noticed Pikel
  4039 | D:7      | Killed Pikel
  4039 | D:7      | Reached skill level 13 in Axes
  4320 | D:7      | Reached XP level 9. HP: 62/71 MP: 8/8
  4347 | D:7      | Reached skill level 14 in Axes
  4357 | D:7      | Noticed Peterchen's ghost (novice MiBe)
  4364 | D:7      | Killed Peterchen's ghost
  4395 | D:7      | Noticed Menkaure
  4412 | D:6      | Found a staircase to the Ecumenical Temple.
  4453 | D:6      | Received a gift from Trog
  4825 | D:6      | Found an iron altar of Okawaru.
  4831 | D:6      | Reached skill level 15 in Axes
  5132 | D:7      | Killed Menkaure
  5495 | D:8      | Reached skill level 16 in Axes
  5553 | D:8      | Found a deep blue altar of Sif Muna.
  5627 | D:8      | Reached XP level 10. HP: 78/78 MP: 9/9
  5681 | D:8      | Found Luecoish's Antique Armour Shoppe.
  5799 | D:8      | Noticed Grum
  5815 | D:8      | Killed Grum
  6015 | D:9      | Found a shimmering altar of Xom.
  6031 | D:9      | Reached skill level 17 in Axes
  6043 | D:9      | Received a gift from Trog
  6192 | D:9      | Noticed a two-headed ogre
  6197 | D:9      | Killed a two-headed ogre
  6202 | D:9      | Reached skill level 18 in Axes
  6241 | D:9      | Noticed a two-headed ogre
  6245 | D:9      | Killed a two-headed ogre
  6492 | D:9      | Reached XP level 11. HP: 78/83 MP: 10/10
  6500 | D:9      | Found a shattered altar of Ashenzari.
  6954 | D:10     | Entered Level 10 of the Dungeon
  7002 | D:10     | Found a sacrificial altar of Ru.
  7109 | D:10     | Found a staircase to the Orcish Mines.
  7163 | D:10     | Noticed a two-headed ogre
  7172 | D:10     | Killed a two-headed ogre
  7172 | D:10     | Reached skill level 19 in Axes
  7804 | Orc:1    | Entered Level 1 of the Orcish Mines
  7930 | D:11     | Noticed Urug
  7948 | D:11     | Killed Urug
  8041 | D:11     | Noticed a two-headed ogre
  8045 | D:11     | Killed a two-headed ogre
  8045 | D:11     | Reached skill level 20 in Axes
  8143 | D:11     | Found a staircase to the Lair.
  8147 | D:11     | Found Ulaonur's Magic Scroll Boutique.
  8153 | D:11     | Bought a scroll of teleportation for 42 gold pieces
  8153 | D:11     | Bought a scroll of identify for 28 gold pieces
  8153 | D:11     | Bought a scroll of teleportation for 42 gold pieces
  8153 | D:11     | Bought a scroll of identify for 28 gold pieces
  8153 | D:11     | Bought a scroll of identify for 28 gold pieces
  8153 | D:11     | Bought a scroll of teleportation for 42 gold pieces
  8700 | D:11     | Killed from afar by an electric eel

Vault maps used:
D:1:      dpeg_arrival_short_road
D:2:      overflow_temple_1_default
D:3:      old_standard_altar
D:4:      first_ration, uniq_natasha, uniq_sigmund
D:5:      minmay_goblin_kobold_castle, lemuel_round_altar, serial_shops, shop
D:6:      temple_pool_b, portal_sewer_entry_e, okawaru_gym_becter
D:7:      enter_bailey_3, minmay_gold_behind_fungi, grunt_ministairs_12,
          st_stairs_8, uniq_menkaure, uniq_pikel
D:8:      serial_shops, shop, hangedman_little_slice_of_home,
          minmay_misc_feat_four_crosses, lemuel_blue_sif_altar, uniq_grum
D:9:      nicolae_overflow_hidden_temple, minivault_14, xom_confusion_cloud
D:10:     orc_0_dummy, nicolae_ru_sacrificial_ziggurat
D:11:     lair_entry_dummy, serial_shops, shop, roderic_serpentine_path,
          uniq_urug, uniq_harold

Skill      XL: |  1  2  3  4  5  6  7  8  9 10 11 |
---------------+----------------------------------+-----
Axes           | 4 5 6 8 9 11 13 16 18 20 | 20.1
Fighting       | |  3.8
Armour         | |  2.6
Dodging        | |  2.4

Action                   |  1- 3 |  4- 6 |  7- 9 | 10-12 || total
-------------------------+-------+-------+-------+-------++-------
Melee: Hand axe          |    55 |    86 |   290 |       ||   431
       Headbutt          |     9 |    15 |    55 |    28 ||   107
       Battleaxe         |       |       |    77 |    70 ||   147
       Executioner's axe |       |       |       |   156 ||   156
Throw: Tomahawk          |       |       |       |    22 ||    22
Invok: Berserk           |     1 |     2 |     6 |     6 ||    15
       Trog's Hand       |       |     2 |     1 |     2 ||     5
       Brothers in Arms  |       |       |     2 |       ||     2
  Use: Scroll            |       |       |     7 |     4 ||    11
  Eat: Chunk             |     2 |     6 |    18 |    16 ||    42
Armor: Leather armour    |    22 |     6 |       |       ||    28
       Ring mail         |       |    16 |    66 |       ||    82
       Scale mail        |       |       |    69 |   119 ||   188
Dodge: Dodged            |    47 |    51 |   167 |   114 ||   379

Table legend:
 A = Spawn XP
 B = Non-spawn XP
 C = Spawn XP percentage of total XP
 D = Spawn monster count
 E = Non-spawn monster count
 F = Spawn count percentage of total count
 G = Total turns spent on level
                    A         B        C        D         E        F      G
               +---------+---------+-------+---------+---------+-------+---------
         Total |       0 |   17506 |   0.0 |       0 |     334 |   0.0 |  8700
               +---------+---------+-------+---------+---------+-------+---------
           D:1 |       0 |      18 |   0.0 |       0 |       9 |   0.0 |   753
           D:2 |       0 |      35 |   0.0 |       0 |      17 |   0.0 |   633
           D:3 |       0 |     101 |   0.0 |       0 |      30 |   0.0 |   549
           D:4 |       0 |     770 |   0.0 |       0 |      24 |   0.0 |   833
           D:5 |       0 |     903 |   0.0 |       0 |      72 |   0.0 |  1068
           D:6 |       0 |     405 |   0.0 |       0 |      20 |   0.0 |   611
           D:7 |       0 |    2571 |   0.0 |       0 |      34 |   0.0 |   944
           D:8 |       0 |    1564 |   0.0 |       0 |      33 |   0.0 |   596
           D:9 |       0 |    4861 |   0.0 |       0 |      44 |   0.0 |   967
          D:10 |       0 |    1927 |   0.0 |       0 |      23 |   0.0 |   860
          D:11 |       0 |    4172 |   0.0 |       0 |      23 |   0.0 |   798
         Orc:1 |       0 |     179 |   0.0 |       0 |       5 |   0.0 |    88
               +---------+---------+-------+---------+---------+-------+---------
